 Dungeon Crawl Stone Soup version 0.28-a0-793-g31680bbd8b (webtiles) character file.

Game seed: 1393292089375368025

100 ytrimaz the Skirmisher (level 4, -3/37 HPs)
             Began as a Demonspawn Fighter on Nov 4, 2021.
             Slain by an orc (5 damage)
             ... on level 3 of the Dungeon.
             The game lasted 00:02:03 (2536 turns).

ytrimaz the Skirmisher (Demonspawn Fighter)         Turns: 2536, Time: 00:02:04

Health: -3/37      AC:  6    Str: 17    XL:     4   Next: 46%
Magic:  4/4        EV:  9    Int: 10    God:
Gold:   78         SH:  8    Dex: 12    Spells: 3/3 levels left

rFire   . . .      SeeInvis .   a - +0 rapier
rCold   . . .      Faith    .   c - +0 buckler
rNeg    . . .      Spirit   .   b - +0 scale mail
rPois   .          Reflect  .   (helmet restricted)
rElec   .          Harm     .   (no cloak)
rCorr   .          Rampage  .   (no gloves)
Will    .....                   (no boots)
Stlth   ..........              (no amulet)
HPRegen 0.12/turn               (no ring)
MPRegen 0.09/turn               (no ring)

@: hasted, very quick
A: horns 1, condensation shield
a: no special abilities


You were on level 3 of the Dungeon.
You visited 1 branch of the dungeon, and saw 4 of its levels.

You collected 78 gold pieces.

Inventory:

Hand Weapons
 a - a +0 rapier (weapon)
Armour
 b - a +0 scale mail (worn)
 c - a +0 buckler (worn)
Scrolls
 f - a scroll of teleportation
 k - a scroll of fear
 l - a scroll of enchant armour
Potions
 d - a potion of might
 e - 2 potions of magic
 i - a potion of curing {unknown}
 j - a potion of flight {unknown}
 m - a potion of heal wounds {unknown}
 o - a potion of cancellation {unknown}


   Skills:
 + Level 3.6 Fighting
 - Level 1.7 Short Blades
 + Level 3.5 Armour
 * Level 1.5 Dodging
 + Level 3.2 Shields


You had 3 spell levels left.
You didn't know any spells.
Your spell library contained the following spells:

 Spells                   Type           Power      Damage    Failure   Level
 Apportation              Tloc           0%         N/A       80%         1
 Passwall                 Tmut/Erth      0%         N/A       91%         2
 Swiftness                Air            0%         N/A       99%         3
 Alistair's Intoxication  Tmut/Pois      0%         N/A       100%        5
 Invisibility             Hex            0%         N/A       100%        6


Dungeon Overview and Level Annotations

Branches:
Dungeon (4/15)
 Temple: D:4-7

Altars:
Vehumet


Innate Abilities, Weirdness & Mutations

You have a pair of small horns on your head.
A meltable shield of frost defends you. (SH +4)


Message History

You barely miss the goblin. The goblin barely misses you.
You hit the goblin.
The goblin is moderately wounded.
The goblin hits you but does no damage.
You hit the goblin.
You kill the goblin!
You barely miss the orc. Your headbutt misses the orc.
The orc priest calls down the wrath of Beogh upon you.
Beogh smites you!
* * * LOW HITPOINT WARNING * * *
The orc hits you with a +0 hand axe.
* * * LOW HITPOINT WARNING * * *
You are too injured to fight recklessly!
You are too injured to fight recklessly!
You are too injured to fight recklessly!
You are too injured to fight recklessly!
You are too injured to fight recklessly!
You are too injured to fight recklessly!
You are too injured to fight recklessly!
You are too injured to fight recklessly!
You are too injured to fight recklessly!
You are too injured to fight recklessly!
You are too injured to fight recklessly!
You are too injured to fight recklessly!
You are too injured to fight recklessly!
You are too injured to fight recklessly!
You are too injured to fight recklessly!
Unknown command.
You see here a +0 robe.
The orc priest invokes the aid of Beogh against you.
Beogh smites you!
* * * LOW HITPOINT WARNING * * *
There is an escape hatch in the ceiling here.
The orc barely misses you. A mysterious force pulls you upwards.
The hatch slams shut behind you.
It was a potion of haste.
You feel yourself speed up. You block the orc's attack.
You hit the orc but do no damage. Your headbutt misses the orc.
The orc hits you with a +0 hand axe.
You die...

#..# #......##.##.# #..#
#.#######..#.# #..#
#.########.#.# #..#
#.#..........#### #..#
#.#.......#..#... #..#
#.#.......#..#.## ##### #..#
#.........#..#.## #...#
#..#####.......##.#.## #...#
#.).o@.#.......##>#'##
##...#######.####.....#'#####.[..
...[..........# ###.....#####†...
############..# #(#.......+.... #
#..# #.#########.... # #..# #.#
#.... # #..# #.# #.... # #..# #.#
##### # #..# #.# #


You could see an orc.

Vanquished Creatures
  3 adders
  2 worms (D:2)
  3 dart slugs
  3 orcs (D:4)
  3 endoplasms
  2 giant cockroaches
  7 goblins
  3 hobgoblins (D:1)
  3 quokkas
  8 ball pythons
  4 bats
  5 frilled lizards
  7 kobolds
  6 rats
59 creatures vanquished.

Notes
Turn   | Place    | Note
-------+----------+-------------------------------------------
     0 | D:1      | ytrimaz the Demonspawn Fighter began the quest for the Orb.
     0 | D:1      | Reached XP level 1. HP: 18/18 MP: 1/1
   261 | D:1      | Found a faded altar of an unknown god.
   320 | D:1      | Discovered your monstrous ancestry.
   320 | D:1      | Gained mutation: You have a pair of small horns on your
                  | head. [demonic ancestry]
   320 | D:1      | Reached XP level 2. HP: 24/24 MP: 2/2
   905 | D:2      | Gained mutation: A meltable shield of frost defends you.
                  | (SH +4) [demonic ancestry]
   905 | D:2      | Reached XP level 3. HP: 27/29 MP: 3/3
   922 | D:2      | Reached skill level 1 in Dodging
  1467 | D:2      | You fall into a shaft and drop 1 floor!
  1583 | D:3      | Reached XP level 4. HP: 34/35 MP: 4/4
  2234 | D:4      | Found a radiant altar of Vehumet.
  2523 | D:4      | HP: 1/37 [orc priest/divine providence (7)]
  2536 | D:3      | Slain by an orc

Illustrated notes

Levels and vault maps discovered:
D:1:      dpeg_arrival_yet_another_circle, layout_basic,
          shapermc_ecumenical_altar_gd
D:2:      layout_rooms, minmay_indecisive_spiral
D:3:      layout_basic, item_on_display_a
D:4:      layout_basic, good_gods_mini_temple,
          mainiacjoe_overflow_catch_the_wave, uniq_ijyb

Skill      XL: |  1  2  3 |
---------------+----------+-----
Armour         | 3 |  3.5
Shields        | 3 |  3.2
Dodging        | 1 |  1.5
Fighting       | |  3.6
Short Blades   | |  1.7

Action                   |  1- 3 |  4- 6 || total
-------------------------+-------+-------++-------
Melee: Rapier            |   105 |    41 ||   146
       Headbutt          |    12 |     4 ||    16
  Use: Scroll            |       |     5 ||     5
       Potion            |       |     1 ||     1
Armor: Scale mail        |    33 |    18 ||    51
Dodge: Dodged            |    34 |    20 ||    54
Block: Buckler           |    33 |    25 ||    58

Table legend: (Time is in decaauts)
 A = Elapsed time spent in this place.
 B = Non-inter-level travel time spent in this place.
 C = Inter-level travel time spent in this place.
 D = Time resting spent in this place.
 E = Time spent auto-exploring this place.
 F = Levels seen in this place.
 G = Mean time per level.
                   A        B        C        D        E       F      G
               +--------+--------+--------+--------+--------+-----+--------+
         Total |   2557 |   2490 |     67 |      0 |   2102 |   4 |  639.2 |
       Dungeon |   2557 |   2490 |     67 |      0 |   2102 |   4 |  639.2 |
               +--------+--------+--------+--------+--------+-----+--------+

Top non-repeatable levels by time:
     D:1: 907 daAuts
     D:2: 748 daAuts
     D:3: 565 daAuts
     D:4: 335 daAuts
